 Dungeon Crawl Stone Soup version 0.19-a0 (webtiles) character file.

98 SkaryMonk the Conjurer (level 4, -5/27 HPs)
             Began as an Octopode Conjurer on Apr 27, 2016.
             Was an Initiate of Gozag.
             Slain by a gnoll
             ... wielding a +0 halberd
              (11 damage)
             ... on level 3 of the Dungeon.
             The game lasted 00:32:13 (1225 turns).

SkaryMonk the Conjurer (Octopode Conjurer)          Turns: 1225, Time: 00:32:13

Health: -5/27      AC:  1    Str:  7    XL:     4   Next: 71%
Magic:  6/7        EV: 12    Int: 18    God:    Gozag
Gold:   124        SH:  0    Dex: 12    Spells: 2 memorised, 4 levels left

rFire  . . .     SeeInvis .     u - +0 whip (elec)
rCold  . . .     Gourm    .     (no shield)
rNeg   . . .     Faith    .     (helmet restricted)
rPois  .         Spirit   .     (no amulet)
rElec  .         Dismiss  .     (no ring)
rCorr  .         Reflect  .     (no ring)
SustAt .         Harm     .     (no ring)
MR     .....                    (no ring)
Stlth  +++.......               (no ring)
                                (no ring)
                                (no ring)
                                (no ring)

@: gold aura, very slightly contaminated, not resistant to hostile enchantments,
fairly stealthy
A: almost no armour, amphibious, 8 rings, constrict 8, camouflage 1, gelatinous
body 1
a: Potion Petition, Call Merchant, Bribe Branch, Renounce Religion


You were on level 3 of the Dungeon.
You worshipped Gozag.
Gozag was noncommittal.
You were hungry.

You visited 1 branch of the dungeon, and saw 3 of its levels.

You collected 148 gold pieces.
You paid 24 gold pieces to Gozag.

Notes
Turn   | Place    | Note
--------------------------------------------------------------
     0 | D:1      | SkaryMonk the Octopode Conjurer began the quest for the Orb.
     0 | D:1      | Reached XP level 1. HP: 11/11 MP: 3/3
   111 | D:1      | Reached XP level 2. HP: 17/17 MP: 0/5
   408 | D:1      | Reached XP level 3. HP: 10/21 MP: 6/6
   412 | D:1      | Learned a level 2 spell: Searing Ray
   719 | D:2      | Reached skill level 5 in Conjurations
   801 | D:2      | Found an oddly glowing altar of Pakellas.
   861 | D:2      | Noticed Jessica
   866 | D:2      | Killed Jessica
   866 | D:2      | Reached XP level 4. HP: 25/27 MP: 3/7
   900 | D:2      | Found a snail-covered altar of Cheibriados.
   903 | D:2      | Found a shimmering altar of Xom.
   906 | D:2      | Found an opulent altar of Gozag.
   912 | D:2      | Became a worshipper of Gozag Ym Sagoz the Greedy
  1225 | D:3      | Slain by a gnoll

Inventory:

Hand Weapons
 g - a +0 club
 h - a +0 long sword
 u - a +0 whip of electrocution (weapon)
Scrolls
 c - 2 scrolls of blinking {unknown}
 d - 5 scrolls of identify {unknown}
 p - a scroll of fear {unknown}
 r - a scroll of magic mapping {unknown}
 s - a scroll of teleportation {unknown}
Potions
 e - 2 potions of curing {unknown}
 i - 2 potions of degeneration {unknown}
 j - a potion of magic {unknown}
 k - 2 potions of heal wounds {unknown}
 l - a potion of lignification {unknown}
 n - a potion of haste {unknown}
 o - a potion of might {unknown}
 q - a potion of invisibility {unknown}
 t - a potion of mutation {unknown}
Books
 a - a book of Conjurations

   Spells                             Type                      Level
   a - Magic Dart                     Conjuration                  1
   b - Searing Ray                    Conjuration                  2
   c - Dazzling Spray                 Conjuration/Hexes            3
   d - Fulminant Prism                Conjuration/Hexes            4
   e - Iskenderun's Mystic Blast      Conjuration                  4
   f - Iskenderun's Battlesphere      Conjuration/Charms           5
Comestibles
 b - 2 bread rations
 f - 3 beef jerkies
 m - 2 slices of pizza

Table legend:
 A = Turns spent in this place as a percentage of turns spent in the entire game.
 B = Non-inter-level travel turns spent in this place as a percentage of non-inter-level travel turns spent in the entire game.
 C = Inter-level travel turns spent in this place as a percentage of turns spent in this place.
 D = Turns resting spent in this place as a percentage of non-inter-level travel turns spent in this place.
 E = Turns spent auto-exploring this place as a percentage of non-inter-level travel turns spent in this place.
 F = Non-inter-level travel turns spent in this place divided by the number of levels of this place that you've seen.
                   A       B       C       D       E      F
               +-------+-------+-------+-------+-------+----------------------
         Total | 100.0 | 100.0 |   0.6 |   5.6 |  17.3 | 119.7
       Dungeon | 100.0 | 100.0 |   0.6 |   5.6 |  17.3 | 119.7
               +-------+-------+-------+-------+-------+----------------------


   Skills:
 + Level 0.8 Maces & Flails
 - Level 2.0 Dodging
 - Level 2.8 Stealth
 - Level 2.2 Spellcasting
 - Level 5.6 Conjurations


You had 4 spell levels left.
You knew the following spells:

 Your Spells              Type           Power        Failure   Level  Hunger
a - Magic Dart            Conj           ###.         1%          1    #......
b - Searing Ray           Conj           ###...       2%          2    ##.....


Dungeon Overview and Level Annotations

Branches:
Dungeon (3/15)

Altars:
Cheibriados
Gozag
Pakellas
Xom


Innate Abilities, Weirdness & Mutations

You cannot wear most types of armour.
You are amphibious.
You can wear up to eight rings at the same time.
You can use your tentacles to constrict eight enemies at once.
Your skin changes colour to match your surroundings (Stealth).
Your rubbery body absorbs attacks (AC +1).


Message History

The gnoll completely misses you.
You hit the gnoll.
The gnoll is moderately wounded.
You constrict the gnoll, but do no damage.
The gnoll closely misses you.
You hit the gnoll.
The gnoll is heavily wounded.
You constrict the gnoll, but do no damage.
The gnoll misses you. The gnoll closely misses you.
You hit the gnoll.
The gnoll is severely wounded.
You constrict the gnoll.
The gnoll hits you from afar with a halberd!
The gnoll hits you with a club.
* * * LOW HITPOINT WARNING * * *
You hit the gnoll but do no damage.
There is a sudden explosion of sparks!
You kill the gnoll!
The gnoll hits you from afar with a halberd!
You die...
Your body crumbles into a pile of gold.

#.# #..g#g# #.#
##.g.#. #.#####...
[.... #......# #..#
#.####.# #.)# #)####.#
#..# #....#.# #..#
####.#.########g.#
#<#.#.@$g.....##
#.#.#.######...#######
.#####.#.#.#
#..........
#...........#
#.......>..
..........###
###...(....
#######.### #[#######
#.# #.# #.# #.# ...
#.#


You could see 2 gnolls.

Table legend:
 A = Kills in this place as a percentage of kills in entire the game.
 B = Kills by you in this place as a percentage of kills by you in the entire game.
 C = Kills by friends in this place as a percentage of kills by friends in the entire game.
 D = Other kills in this place as a percentage of other kills in the entire game.
 E = Experience gained in this place as a percentage of experience gained in the entire game.
 F = Experience gained in this place divided by the number of levels of this place that you have seen.
                   A       B       C       D       E      F
               +-------+-------+-------+-------+-------+----------------------
         Total | 100.0 | 100.0 |  -nan |  -nan | 100.0 |  47.0
       Dungeon | 100.0 | 100.0 |  -nan |  -nan | 100.0 |  47.0
               +-------+-------+-------+-------+-------+----------------------

Vanquished Creatures
  Jessica (D:2)
  A gnoll (D:3)
  An adder (D:2)
  3 oozes
  A dart slug (D:1)
  2 giant geckos
  An orc (D:3)
  3 bats (D:1)
  3 giant cockroaches
  2 hobgoblins
  2 jackals (D:1)
  3 giant newts
  5 goblins
  4 kobolds
  8 rats
40 creatures vanquished.

Action                   |  1- 3 |  4- 6 || total
-------------------------+-------+-------++-------
Melee: Club              |    19 |       ||    19
       Unarmed           |     2 |       ||     2
       Tentacles         |     5 |     2 ||     7
       Constrict         |     4 |     3 ||     7
       Whip              |       |     6 ||     6
       Long sword        |       |     4 ||     4
 Cast: Magic Dart        |    40 |    13 ||    53
       Searing Ray       |     1 |     1 ||     2
 Stab: Sleeping          |     1 |     2 ||     3
  Eat: Chunk             |       |     1 ||     1
Armor: Skin              |     1 |       ||     1
Dodge: Dodged            |    13 |     7 ||    20

Vault maps used:
D:1:      eino_arrival_water_star
D:2:      minitemple, lemuel_crystal_altar, serial_corexii_hall,
          corexii_hall_statues_i, corexii_hall_statues_x,
          corexii_hall_statues_i, corexii_hall_statues_x, nrook_loot_triangle,
          uniq_jessica
D:3:      serial_glass, glass_columns_b, glass_columns_b
